 Dungeon Crawl Stone Soup version 0.30-a0-137-gd8773701ce (webtiles) character file.

Game seed: 4029004623957353938

55 jimonade the Shield-Bearer (level 4, -9/35 HPs)
             Began as a Formicid Fighter on Sept 21, 2022.
             Mangled by a gnoll
             ... wielding a +0 halberd
              (10 damage)
             ... on level 1 of the Dungeon.
             The game lasted 00:02:26 (1828 turns).

jimonade the Shield-Bearer (Formicid Fighter)       Turns: 1828, Time: 00:02:27

Health: -9/35      AC:  8    Str: 21    XL:     4   Next: 14%
Magic:  4/4        EV:  9    Int:  9    God:
Gold:   96         SH:  5    Dex: 13    Spells: 3/3 levels left

rFire   . . .      SeeInvis +    a - +0 quarterstaff
rCold   . . .      Faith    .    c - +0 buckler
rNeg    . . .      Spirit   .    b - +0 scale mail
rPois   .          Reflect  .    (helmet unavailable)
rElec   .          Harm     .    i - +0 cloak
rCorr   .          Rampage  .    (no gloves)
Will    .....                    (no boots)
Stlth   ..........               (no amulet)
HPRegen 0.11/turn                (no ring)
MPRegen 0.09/turn                (no ring)

@: no status effects
A: permanent stasis, dig shafts and tunnels, antennae 3, four strong arms
a: Dig, Shaft Self


You were on level 1 of the Dungeon.
You visited 1 branch of the dungeon, and saw 2 of its levels.

You collected 96 gold pieces.

Inventory:

Hand Weapons
 a - a +0 quarterstaff (weapon)
Missiles
 f - 8 poisoned darts
Armour
 b - a +0 scale mail (worn)
 c - a +0 buckler (worn)
 i - a +0 cloak (worn)
Scrolls
 g - a scroll of poison {unknown}
 h - a scroll of teleportation {unknown}
 j - a scroll of fear {unknown}
 k - a scroll of identify {unknown}
 l - a scroll of amnesia {unknown}
Potions
 d - a potion of might
 e - 2 potions of haste {unknown}


   Skills:
 - Level 3.2 Fighting
 * Level 3.7 Staves
 - Level 3.2 Armour
 + Level 4.6 Shields


You had 3 spell levels left.
You didn't know any spells.
Your spell library was empty.

Dungeon Overview and Level Annotations

Branches:
Dungeon (2/15)

Altars:

Shops:
D:1 (


Innate Abilities, Weirdness & Mutations

You cannot be hasted, slowed, berserked, paralysed or teleported.
You can dig through walls and to a lower floor.
You have a pair of large antennae on your head. (SInv)
Your four strong arms can wield two-handed weapons with a shield.


Message History

The gnoll hits you with a +0 spear.
You thump the gnoll!
You kill the gnoll!
You have reached level 4!
You feel stronger.
You start resting.
HP restored.
You can't go down here!
Unknown command.
Unknown command.
There is a stone staircase leading down here.
Things that are here:
a +0 spear; a gnoll corpse You climb downwards.
The gnoll barely misses you.
There is a stone staircase leading up, spattered with blood here.
The gnoll shouts!
The gnoll hits you with a +0 halberd.
You hit the gnoll but do no damage. The gnoll hits you with a +0 halberd!
The gnoll barely misses you.
There is a stone staircase leading up, spattered with blood here.
You block the gnoll's attack.
There is a stone staircase leading up, spattered with blood here.
The gnoll hits you with a +0 halberd.
You climb upwards.
There is a stone staircase leading down here.
Things that are here:
a +0 spear; a gnoll corpse You hit the gnoll.
The gnoll is moderately wounded.
The gnoll hits you with a +0 halberd!
* * * LOW HITPOINT WARNING * * *
You hit the gnoll but do no damage.
The gnoll is moderately wounded.
You block the gnoll's attack.
You closely miss the gnoll.
The gnoll is moderately wounded.
The gnoll hits you with a +0 halberd!
* * * LOW HITPOINT WARNING * * *
The gnoll hits you with a +0 halberd!
You die...

#.# #.### #.###########.#.###
#######.#...........#...#
#....##.#.#.........#.#.#
#####....##.#.#.#######.#.#.#
....#....##.#.#)#.....#.#.#.#
....#....##.#.#.......#.#.#.#
....#....##.#.###.##..#.#.#.#
....+....'......@.....#.#.#.#
....#....##...#..g....#.#.#.#
..............#.......#.#.#.#
.#########....#.......#.#.#.#
.#......##......#.#####.#.#.#
.#.####.##..............#.#.#
.#.####.##.....##########.#.#
.#....#.##..................#
.#....#.##...#.############.#


You could see a gnoll.

Vanquished Creatures
  2 gnolls (D:1)
  2 dart slugs (D:2)
  An orc (D:1)
  2 bats (D:1)
  6 endoplasms
  2 goblins
  4 hobgoblins (D:1)
  2 quokkas
  A ball python (D:1)
  A frilled lizard (D:1)
  3 kobolds
  A rat (D:1)
27 creatures vanquished.

Notes
Turn   | Place    | Note
-------+----------+-------------------------------------------
     0 | D:1      | jimonade the Formicid Fighter began the quest for the Orb.
     0 | D:1      | Reached XP level 1. HP: 18/18 MP: 1/1
   268 | D:1      | Reached XP level 2. HP: 24/24 MP: 2/2
   967 | D:1      | Found Xusm's Weapon Emporium.
  1202 | D:2      | Reached XP level 3. HP: 28/29 MP: 3/3
  1805 | D:1      | Reached XP level 4. HP: 33/35 MP: 4/4
  1828 | D:1      | HP: 1/35 [gnoll/+0 halberd (8)]
  1828 | D:1      | Mangled by a gnoll

Illustrated notes

Levels and vault maps discovered:
D:1:      dpeg_arrival_long_road, layout_basic, serial_shops,
          nicolae_shop_hallway_plus
D:2:      layout_rooms, serial_curves, eino_curves_02, eino_curves_01,
          eino_curves_02, minmay_cupped

Skill      XL: |  1  2  3 |
---------------+----------+-----
Staves         | 3 |  3.7
Fighting       | |  3.2
Armour         | |  3.2
Shields        | |  4.6

Action                   |  1- 3 |  4- 6 || total
-------------------------+-------+-------++-------
Melee: Quarterstaff      |    57 |     4 ||    61
Armor: Scale mail        |    23 |       ||    23
Dodge: Dodged            |    19 |     2 ||    21
Block: Buckler           |     7 |     2 ||     9

Table legend: (Time is in decaauts)
 A = Elapsed time spent in this place.
 B = Non-inter-level travel time spent in this place.
 C = Inter-level travel time spent in this place.
 D = Time resting spent in this place.
 E = Time spent auto-exploring this place.
 F = Levels seen in this place.
 G = Mean time per level.
                   A        B        C        D        E       F      G
               +--------+--------+--------+--------+--------+-----+--------+
         Total |   1841 |   1764 |     77 |    342 |   1080 |   2 |  920.5 |
       Dungeon |   1841 |   1764 |     77 |    342 |   1080 |   2 |  920.5 |
               +--------+--------+--------+--------+--------+-----+--------+

Top non-repeatable levels by time:
     D:1: 1559 daAuts
     D:2: 282 daAuts
